 Dungeon Crawl Stone Soup version 0.32-a0-43-g058985b245 (webtiles) character file.

Game seed: 12108693528556510848

207 timneilson the Ruffian (level 5, -3/35 HPs)
             Began as an Octopode Shapeshifter on Feb 4, 2024.
             Slain by Grinder (7 damage)
             ... on level 4 of the Dungeon.
             The game lasted 00:03:48 (2542 turns).

timneilson the Ruffian (Octopode Shapeshifter)      Turns: 2542, Time: 00:03:49

Health: -3/35      AC:  1    Str: 15    XL:     5   Next: 85%
Magic:  5/5        EV: 13    Int: 19    God:
Gold:   203        SH:  0    Dex: 11    Spells: 4/4 levels left

rFire   . .          .
                       - Unarmed
rCold   . . .        (no shield)
rNeg    . . .        (helmet currently unavailable)
rPois   .            (no amulet)
rElec   .            h - +6 ring of intelligence
rCorr   .            (no ring)
SInv    .            (no ring)
Will    .....        (no ring)
Stlth   +++          (no ring)
HPRegen 0.25/turn    (no ring)
MPRegen 0.09/turn    (no ring)
                     (no ring)

%: no passive effects
@: beast-form
A: beast (slay +2), almost no armour, amphibious, 8 rings, camouflage 1,
gelatinous body 1, (nimble swimmer 1), tentacles
a: Begin Untransformation


You were on level 4 of the Dungeon.
You were a hulking beast.
You visited 1 branch of the dungeon, and saw 4 of its levels.

You collected 203 gold pieces.

Inventory:

Missiles
 k - 5 poisoned darts (quivered)
Jewellery
 h - a +6 ring of intelligence (left tentacle)
 j - a ring of willpower
Talismans
 b - a beast talisman
 c - a flux talisman
Wands
 l - a wand of iceblast (7)
Scrolls
 g - a scroll of silence
 n - a scroll of enchant armour {unknown}
Potions
 a - 2 potions of lignification
 d - a potion of haste {unknown}
 e - a potion of ambrosia
 f - 2 potions of brilliance
 i - a potion of magic {unknown}
 m - 2 potions of curing {unknown}
 o - a potion of attraction {unknown}
 q - a potion of heal wounds {unknown}


   Skills:
 * Level 2.5 Fighting
 * Level 3.1 Dodging
 + Level 2.6 Stealth
 * Level 3.9 Unarmed Combat
 + Level 0.5 Evocations
 * Level 3.7 Shapeshifting


You had 4 spell levels left.
You didn't know any spells.
Your spell library contained the following spells:

 Spells                   Type           Power      Damage    Failure   Level
 Malign Gateway           Summ/Tloc      0%         N/A       100%        7
 Summon Horrible Things   Summ           0%         N/A       100%        8


Dungeon Overview and Level Annotations

Branches:
Dungeon (4/15)
 Temple: D:4-7

Altars:
Ashenzari
Nemelex Xobeh
Okawaru

Annotations:
D:4 Grinder


Innate Abilities, Weirdness & Mutations

You are a hulking beast.
Your limbs bulge with bestial killing power. (Slay +2)
You cannot wear most types of armour.
You are amphibious.
You can wear up to eight rings at the same time.
Your skin changes colour to match your surroundings (Stealth+).
Your rubbery body absorbs attacks. (AC +1, EV +1)
((You are camouflaged when in or above water. (Stealth+)))
You have tentacles for arms and can constrict up to eight enemies at once.


Message History

Grinder comes into view.
Grinder shouts!
Grinder hits you.
You writhe in agony.
You tentacle-slap Grinder but do no damage.
Your grab misses Grinder. Your squeeze misses Grinder. You bludgeon Grinder!
Your grab misses Grinder.
Grinder is moderately wounded.
Grinder hits you.
You writhe in agony.
You tentacle-slap Grinder but do no damage.
You grab Grinder.
Grinder is moderately wounded.
You constrict Grinder. Grinder gestures at you.
You suddenly lose the ability to move!
You lose your grip on Grinder.
Grinder hits you.
You writhe in agony.
Grinder hits you.
Grinder blinks!
You can move again.
You tentacle-slap Grinder. Your grab misses Grinder.
Grinder is moderately wounded.
Grinder closely misses you.
You tentacle-slap Grinder. Your grab misses Grinder.
Grinder is heavily wounded.
Grinder gestures at you.
You barely resist. You tentacle-slap Grinder. Your grab misses Grinder.
Grinder is heavily wounded.
Grinder gestures at you.
You suddenly lose the ability to move!
Grinder hits you!
* * * LOW HITPOINT WARNING * * *
You writhe in agony.
* * * LOW HITPOINT WARNING * * *
You can move again.
Unknown command.
You closely miss Grinder. You grab Grinder.
Grinder is heavily wounded.
You constrict Grinder. Grinder hits you!
You die...
Grinder sighs, "Dead already?
I want a refund."

.## ..# #.# #.#
... #.# #.# #.#
#h# ######## #5#
#......#
#.###.####.#
.##.....####.#
.................#
...#.###..^.#.##.#
# ##.#.#.##.##
#.#.<......
####......#.##


You could see Grinder.

Vanquished Creatures
  An orc priest (D:3)
  A bombardier beetle (D:2)
  A sleepcap (D:3)
  3 adders
  5 ribbon worms
  2 dart slugs (D:1)
  8 orcs
  6 endoplasms
  2 giant cockroaches
  11 goblins
  3 hobgoblins
  4 jackals (D:1)
  2 quokkas
  5 ball pythons
  4 bats
  3 frilled lizards
  7 kobolds
  6 rats
74 creatures vanquished.

Notes
Turn   | Place    | Note
-------+----------+-------------------------------------------
     0 | D:1      | timneilson the Octopode Shapeshifter began the quest for
                  | the Orb.
     0 | D:1      | Reached XP level 1. HP: 13/13 MP: 1/1
   111 | D:1      | Reached XP level 2. HP: 18/18 MP: 2/2
   461 | D:1      | Reached skill level 1 in Stealth
   485 | D:1      | Reached XP level 3. HP: 20/23 MP: 3/3
  1262 | D:2      | Reached XP level 4. HP: 25/29 MP: 4/4
  1353 | D:2      | Found a sparkling altar of Nemelex Xobeh.
  1797 | D:3      | Reached XP level 5. HP: 33/34 MP: 5/5
  2254 | D:3      | Found an iron altar of Okawaru.
  2254 | D:3      | Found a broken altar of Ashenzari.
  2455 | D:4      | Identified the +7 sling of Circularity {freeze, *Slow rF++
                  | rC++}
  2527 | D:4      | Noticed Grinder
  2533 | D:4      | Paralysed by Grinder for 3 turns
  2540 | D:4      | Paralysed by Grinder for 2 turns
  2542 | D:4      | Slain by Grinder

Illustrated notes

Levels and vault maps discovered:
D:1:      sevenhm_arrival_forest_fort_small_6, layout_basic
D:2:      layout_basic, basic_altar, hangedman_decor_clover_reticule
D:3:      layout_rooms, gammafunk_temple_overflow_pools, minmay_unequal
D:4:      layout_loops_cross, ebering_ghost_gozag,
          chequers_serial_rivers_large_a, uniq_grinder

Skill      XL: |  1  2  3  4  5 |
---------------+----------------+-----
Stealth        | 1 2 |  2.6
Fighting       | 2 |  2.5
Dodging        | 3 |  3.1
Unarmed Combat | |  3.9
Evocations     | |  0.5
Shapeshifting  | |  3.7

Action                     |  1- 3 |  4- 6 || total
---------------------------+-------+-------++-------
  Melee: Unarmed           |    76 |    82 ||   158
         Constrict         |    18 |    24 ||    42
         Tentacles         |    13 |    19 ||    32
         Punch             |     2 |       ||     2
    Use: Scroll            |     4 |     5 ||     9
   Stab: Sleeping          |    11 |     2 ||    13
 Armour: Skin              |    21 |    35 ||    56
  Dodge: Dodged            |    38 |    38 ||    76

Table legend: (Time is in decaauts)
 A = Elapsed time spent in this place.
 B = Non-inter-level travel time spent in this place.
 C = Inter-level travel time spent in this place.
 D = Time resting spent in this place.
 E = Time spent auto-exploring this place.
 F = Levels seen in this place.
 G = Mean time per level.
                   A        B        C        D        E       F      G
               +--------+--------+--------+--------+--------+-----+--------+
         Total |   2536 |   2493 |     43 |    200 |   1774 |   4 |  634.0 |
       Dungeon |   2536 |   2493 |     43 |    200 |   1774 |   4 |  634.0 |
               +--------+--------+--------+--------+--------+-----+--------+

Top non-repeatable levels by time:
     D:2: 938 daAuts
     D:1: 769 daAuts
     D:3: 734 daAuts
     D:4: 94 daAuts
